 Dungeon Crawl Stone Soup version 0.31-a0-1074-g0b22e4e0f1 (webtiles) character file.

Game seed: 2086029144453011857

79 waewhow the Poker (level 4, -1/30 HPs)
             Began as an Octopode Gladiator on Dec 3, 2023.
             Succumbed to a scorpion's poison
             ... on level 4 of the Dungeon.
             The game lasted 00:09:16 (879 turns).

waewhow the Poker (Octopode Gladiator)               Turns: 879, Time: 00:09:17

Health: -1/30      AC:  1    Str: 15    XL:     4   Next: 38%
Magic:  4/4        EV: 14    Int: 10    God:
Gold:   55         SH:  0    Dex: 13    Spells: 3/3 levels left

rFire   . . .        a - +0 trident
rCold   . . .        (no shield)
rNeg    . . .        b - +0 hat
rPois   .            (no amulet)
rElec   .            i - ring of wizardry
rCorr   .            (no ring)
SInv    .            (no ring)
Will    .....        (no ring)
Stlth   +++          (no ring)
HPRegen 0.25/turn    (no ring)
MPRegen 0.09/turn    (no ring)
                     (no ring)

%: wizardry (x1)
@: lethally poisoned (-1 -> -6)
A: almost no armour, amphibious, 8 rings, camouflage 1, gelatinous body 1,
(nimble swimmer 1), tentacles
a: no special abilities


You were on level 4 of the Dungeon.
You visited 1 branch of the dungeon, and saw 4 of its levels.

You collected 55 gold pieces.

Inventory:

Hand Weapons
 a - a +0 trident (weapon)
 l - a +0 whip
 n - a +0 dagger
 o - a +0 dagger
Missiles
 c - 3 throwing nets (quivered)
 d - a javelin
 k - a stone
Armour
 b - a +0 hat (worn)
Jewellery
 i - a ring of wizardry (left tentacle)
Talismans
 m - a blade talisman
Scrolls
 e - a scroll of revelation {unknown}
 g - 4 scrolls of identify {unknown}
 h - a scroll of fog {unknown}
 j - a scroll of immolation {unknown}
Potions
 f - a potion of ambrosia {unknown}
 p - a potion of invisibility {unknown}


   Skills:
 + Level 2.4 Fighting
 + Level 3.9 Polearms
 + Level 2.1 Throwing
 + Level 3.8 Dodging
 + Level 1.3 Stealth


You had 3 spell levels left.
You didn't know any spells.
Your spell library was empty.

Dungeon Overview and Level Annotations

Branches:
Dungeon (4/15)
 Temple: D:4-7

Altars:


Innate Abilities, Weirdness & Mutations

You cannot wear most types of armour.
You are amphibious.
You can wear up to eight rings at the same time.
Your skin changes colour to match your surroundings (Stealth+).
Your rubbery body absorbs attacks. (AC +1, EV +1)
((You are camouflaged when in or above water. (Stealth+)))
You have tentacles for arms and can constrict up to eight enemies at once.


Message History

You kill the ball python!
The scorpion stings you. The scorpion barely misses you.
You see here a ball python corpse.
You hit the scorpion but do no damage. Your grab misses the scorpion.
Your squeeze misses the scorpion. The scorpion closely misses you.
You hit the scorpion. Your grab misses the scorpion.
Your squeeze misses the scorpion.
The scorpion is lightly wounded.
The scorpion completely misses you. The scorpion closely misses you.
You hit the scorpion but do no damage. You grab the scorpion.
You squeeze the scorpion!
The scorpion is heavily wounded.
You constrict the scorpion, but do no damage.
The scorpion stings you!
You are lethally poisoned!
The scorpion poisons you!
You hit the scorpion.
The scorpion is severely wounded.
You constrict the scorpion.
* * * LOW HITPOINT WARNING * * *
You feel very sick. The scorpion misses you.
You hit the scorpion.
You kill the scorpion!
* * * LOW HITPOINT WARNING * * *
You feel very sick.
Your Stealth skill increases to level 1!
You have reached level 3!
Your experience leads to an increase in your attributes!
Increase (S)trength, (I)ntelligence, or (D)exterity?
Uppercase letters only, please.
You feel stronger. x2
You have reached level 4!
Unknown command.
Unknown command.
Okay, then.
* * * LOW HITPOINT WARNING * * *
You feel sick.
You see here a scorpion corpse.
You die...

....# #...# # #...#
#.# #...# ..
.#####...########.#
............@†....#
.............†.#..###
......................
..####...##.####...###
#...##.# .#.# #...##..
. .. #...##### .# ##
#<..# # ## ###...###


There were no monsters in sight!

Vanquished Creatures
  A scorpion (D:4)
  2 endoplasms
  2 hobgoblins
  3 ball pythons
  5 bats
  4 frilled lizards
  2 kobolds
  2 rats
21 creatures vanquished.

Notes
Turn   | Place    | Note
-------+----------+-------------------------------------------
     0 | D:1      | waewhow the Octopode Gladiator began the quest for the Orb.
     0 | D:1      | Reached XP level 1. HP: 14/14 MP: 1/1
   220 | D:1      | Reached XP level 2. HP: 18/19 MP: 2/2
   861 | D:4      | Noticed a scorpion
   877 | D:4      | Killed a scorpion
   878 | D:4      | Reached skill level 1 in Stealth
   878 | D:4      | Reached XP level 3. HP: 2/25 MP: 3/3
   878 | D:4      | Reached XP level 4. HP: 2/30 MP: 4/4
   878 | D:4      | HP: 1/30 [poisoned by a scorpion]
   879 | D:4      | Succumbed to a scorpion's poison

Illustrated notes

Levels and vault maps discovered:
D:1:      lightli_arrival_noodles, layout_loops_ring, serial_park_tiny_2,
          minmay_split_cup_large
D:2:      layout_loops_ring
D:3:      layout_basic, lemuel_round_altar
D:4:      layout_loops_cross, mainiacjoe_overflow_catwalk,
          chequers_serial_rivers_micro_c

Skill      XL: |  1  2 |
---------------+-------+-----
Stealth        | 1 |  1.3
Fighting       | |  2.4
Polearms       | |  3.9
Throwing       | |  2.1
Dodging        | |  3.8

Action                     |  1- 3 |  4- 6 || total
---------------------------+-------+-------++-------
  Melee: Trident           |    41 |       ||    41
         Constrict         |    14 |       ||    14
         Tentacles         |    10 |       ||    10
  Throw: Throwing net      |     1 |       ||     1
    Use: Scroll            |     1 |       ||     1
         Potion            |     1 |       ||     1
   Stab: Sleeping          |     3 |       ||     3
 Armour: Skin              |    18 |       ||    18
  Dodge: Dodged            |    30 |       ||    30

Table legend: (Time is in decaauts)
 A = Elapsed time spent in this place.
 B = Non-inter-level travel time spent in this place.
 C = Inter-level travel time spent in this place.
 D = Time resting spent in this place.
 E = Time spent auto-exploring this place.
 F = Levels seen in this place.
 G = Mean time per level.
                   A        B        C        D        E       F      G
               +--------+--------+--------+--------+--------+-----+--------+
         Total |    882 |    263 |    619 |      0 |      0 |   4 |  220.5 |
       Dungeon |    882 |    263 |    619 |      0 |      0 |   4 |  220.5 |
               +--------+--------+--------+--------+--------+-----+--------+

Top non-repeatable levels by time:
     D:1: 333 daAuts
     D:3: 304 daAuts
     D:2: 163 daAuts
     D:4: 80 daAuts
